 Dungeon Crawl Stone Soup version 0.25-a0-513-ge77a69270c (webtiles) character file.

Game seed: 6782237469232590112, levelgen mode: deterministic

185 Fukker the Skirmisher (level 5, -4/42 HPs)
             Began as a Demonspawn Wanderer on Feb 16, 2020.
             Slain by an iguana (10 damage)
             ... on level 4 of the Dungeon.
             The game lasted 00:05:23 (2210 turns).

Fukker the Skirmisher (Demonspawn Wanderer)         Turns: 2210, Time: 00:05:24

Health: -4/42      AC:  3    Str: 14    XL:     5   Next: 37%
Magic:  5/5        EV: 11    Int: 12    God:
Gold:   223        SH:  0    Dex: 13    Spells: 4/4 levels left

rFire    . . .     SeeInvis .   l - +1 hunting sling (vorpal)
rCold    . . .     Gourm    .   (no shield)
rNeg     . . .     Faith    .   f - +0 robe
rPois    .         Spirit   .   (no helmet)
rElec    .         Reflect  .   s - +0 cloak
rCorr    .         Harm     .   (no gloves)
MR       .....                  (no boots)
Stlth    +.........             (no amulet)
HPRegen  0.14/turn              (no ring)
MPRegen  0.09/turn              (no ring)

@: about to teleport
A: claws 1, hooves 1, powered by pain 2
a: no special abilities


You were on level 4 of the Dungeon.
You were not hungry.

You visited 1 branch of the dungeon, and saw 4 of its levels.

You collected 223 gold pieces.

Inventory:

Hand Weapons
 a - a +2 dagger
 c - a +0 hand crossbow
 l - a +1 vorpal hunting sling (weapon)
 o - a +4 quarterstaff of chaos
Missiles
 d - 47 bolts
 h - 141 arrows
 k - 142 stones (quivered)
 p - 7 poisoned darts
 q - 7 javelins
Armour
 f - a +0 robe (worn)
 s - a +0 cloak (worn)
Jewellery
 b - a +4 amulet of reflection {unknown}
Scrolls
 e - 4 scrolls of teleportation
 i - 6 scrolls of remove curse
 m - a scroll of immolation {unknown}
 n - a scroll of fog {unknown}
 r - 6 scrolls of identify
 w - a scroll of enchant armour {unknown}
 y - a scroll of blinking {unknown}
 C - a scroll of random uselessness {unknown}
Potions
 j - a potion of heal wounds
 u - 2 potions of curing
 v - 2 potions of haste
 x - a potion of flight
Comestibles
 g - 9 rations
 A - a chunk of flesh


   Skills:
 - Level 4.0 Fighting
 + Level 0.7 Short Blades
 + Level 4.0(4.1) Slings
 - Level 3.2 Crossbows
 - Level 1.0(2.7) Throwing
 + Level 0.8 Dodging
 - Level 1.0 Stealth
   Level 1.0 Evocations


You had 4 spell levels left.
You didn't know any spells.
Your spell library contained the following spells:

 Spells                   Type           Power        Failure   Level  Hunger
 Freeze                   Ice            #...         32%         1    ##.....
 Frozen Ramparts          Ice            #.....       69%         3    ####...
 Ozocubu's Armour         Chrm/Ice       #.......     69%         3    ####...
 Hailstorm                Conj/Ice       #.......     97%         4    #####..
 Summon Ice Beast         Ice/Summ       #.......     97%         4    #####..


Dungeon Overview and Level Annotations

Branches:
Dungeon (4/15)
 Temple: D:4-7

Altars:

Annotations:
D:4 Grinder


Innate Abilities, Weirdness & Mutations

You have sharp fingernails.
You have large cloven feet.
You sometimes gain power by taking damage.


Message History

You are too injured to fight recklessly!
The iguana bites you!
* * * LOW HITPOINT WARNING * * *
Found 17 arrows.
It was a potion of cancellation.
You feel magically purged.
It was a potion of magic.
Magic courses through your body.
The iguana bites you but does no damage.
Grinder blinks!
Fire/throw which item? (* to show all) (? for menu, Esc to quit)
Firing (i - inventory. (/) - cycle)
k - 142 stones (quivered)
Press: ? - help, Shift-Dir - straight line, f/p - iguana
Aim: an iguana (lightly wounded)
You throw a curare-tipped dart.
The curare-tipped dart barely misses the iguana.
The iguana bites you.
* * * LOW HITPOINT WARNING * * *
Grinder blinks!
As you read the scroll of teleportation, it crumbles to dust.
You feel strangely unstable. The iguana bites you!
You die...

#. #.###.# #.# ##.# #.### ). #.#
#.# #.###).###.# .# #.#
#.#########...<...>#.# .# #.#
#........##.###.##.#.# # .###
#.##########.##.# #.##.#.# #
...###.#...#### #.##.# #.##.#.###
(........#....# #.##.###.>.......
.#.###.#.(.##5###.............#.#
....##.##......l@.........#)###.#
....##.#############.............
........# ##.##..#####.#
........# #.##..# ### .#.####.#
#.##..####### .#.####.#
#............ ##.#....#
####..#...### #......# #......# #
###....# #..#...###


You could see Grinder and an iguana.

Vanquished Creatures
  An orc priest (D:4)
  Crazy Yiuf (D:2)
  A bullfrog skeleton (D:4)
  2 adders
  A worm (D:2)
  2 dart slugs (D:1)
  8 orcs
  5 giant cockroaches
  7 goblins
  6 hobgoblins
  6 jackals
  7 kobolds
  2 quokkas (D:3)
  A ball python (D:1)
  5 bats
  5 frilled lizards
  6 rats
66 creatures vanquished.

Vanquished Creatures (others)
  5 toadstools (D:1)
5 creatures vanquished.

Grand Total: 71 creatures vanquished

Notes
Turn   | Place    | Note
-------+----------+-------------------------------------------
     0 | D:1      | Fukker the Demonspawn Wanderer began the quest for the Orb.
     0 | D:1      | Fukker set off with the following items: a +2 dagger, 2
                  | curare-tipped darts, a +0 hand crossbow, 28 bolts, a scroll
                  | of teleportation, a +0 robe, a ration
     0 | D:1      | Reached XP level 1. HP: 19/19 MP: 1/1
   219 | D:1      | Gained mutation: You sometimes gain a little power by
                  | taking damage. [demonic ancestry]
   219 | D:1      | Reached XP level 2. HP: 21/25 MP: 2/2
   393 | D:1      | Reached skill level 1 in Slings
   577 | D:1      | Gained mutation: You have sharp fingernails. [demonic
                  | ancestry]
   577 | D:1      | Reached XP level 3. HP: 30/30 MP: 3/3
  1073 | D:2      | Found a runed translucent door.
  1074 | D:2      | Noticed Crazy Yiuf
  1085 | D:2      | Killed Crazy Yiuf
  1085 | D:2      | Gained mutation: You have large cloven feet. [demonic
                  | ancestry]
  1085 | D:2      | Reached XP level 4. HP: 26/37 MP: 4/4
  1829 | D:4      | Gained mutation: You sometimes gain power by taking damage.
                  | [demonic ancestry]
  1829 | D:4      | Reached XP level 5. HP: 42/42 MP: 5/5
  1869 | D:4      | Noticed Grinder
  2210 | D:4      | Slain by an iguana

Levels and vault maps discovered:
D:1:      ldierk_walled_garden, layout_loops_ring
D:2:      layout_basic, uniq_crazy_yiuf_cottage
D:3:      layout_rooms
D:4:      layout_loops_ring, uniq_grinder

Skill      XL: |  1  2  3  4  5 |
---------------+----------------+-----
Crossbows      | 3 |  3.2
Slings         | 1 2 3 4 |  4.0
Fighting       | |  4.0
Short Blades   | |  0.7
Throwing       | |  1.0
Dodging        | |  0.8
Stealth        | |  1.0
Evocations     | |  1.0

Action                   |  1- 3 |  4- 6 || total
-------------------------+-------+-------++-------
Melee: Dagger            |    18 |       ||    18
 Fire: Hunting sling     |    60 |    90 ||   150
       Hand crossbow     |    16 |       ||    16
Throw: Dart              |     6 |     1 ||     7
  Use: Scroll            |       |     6 ||     6
       Potion            |       |     3 ||     3
  Eat: Chunk             |       |     4 ||     4
Armor: Robe              |     7 |     2 ||     9
Dodge: Dodged            |    19 |    14 ||    33

Table legend:
 A = Non-vault XP
 B = Vault XP
 C = Vault XP percentage of total XP
 D = Non-vault monster count
 E = Vault monster count
 F = Vault count percentage of total count
                 A         B        C        D         E       F
            +---------+---------+-------+---------+---------+-------
      Total |     224 |      41 |  15.5 |      65 |       1 |   1.5
            +---------+---------+-------+---------+---------+-------
        D:1 |      43 |       0 |   0.0 |      24 |       0 |   0.0
        D:2 |      42 |      41 |  49.4 |      17 |       1 |   5.6
        D:3 |      47 |       0 |   0.0 |      18 |       0 |   0.0
        D:4 |      92 |       0 |   0.0 |       6 |       0 |   0.0
            +---------+---------+-------+---------+---------+-------
